 Dungeon Crawl Stone Soup version 0.27.1 (webtiles) character file.

Game seed: 6641741730680031831

12224 Gwenloh the Grappler (level 11, -4/99 HPs)
             Began as a Ghoul Gladiator on Aug 27, 2021.
             Was a High Priest of Wu Jian.
             Slain by a five-headed hydra (21 damage)
             ... on level 11 of the Dungeon.
             The game lasted 00:50:40 (14202 turns).

Gwenloh the Grappler (Ghoul Gladiator)             Turns: 14202, Time: 00:50:41

Health: -4/99      AC: 10    Str: 19    XL:     11   Next: 90%
Magic:  23/23      EV: 13    Int:  5    God:    Wu Jian [*****.]
Gold:   283        SH:  0    Dex: 11    Spells: 12/15 levels left

rFire    . . .     SeeInvis .   a - +0 shortbow (chaos)
rCold    + . .     Faith    +   (shield currently unavailable)
rNeg     + + +     Spirit   .   l - +1 leather armour
rPois    ∞         Reflect  .   o - +2 helmet
rElec    .         Harm     .   r - +1 cloak
rCorr    .         Rampage  .   (no gloves)
Will     .....                  (no boots)
Stlth    +.........             C - amulet of faith
HPRegen  0.00/turn              H - ring of magical power
MPRegen  0.18/turn              (no ring)

@: about to teleport, inhibited regen
A: claws 1, cold resistance 1, negative energy resistance 3, inhibited
regeneration, torment resistance 2
a: Renounce Religion, Wall Jump, Serpent's Lash, Heavenly Storm


You were on level 11 of the Dungeon.
You worshipped Wu Jian.
Wu Jian was extremely pleased with you.
You visited 2 branches of the dungeon, and saw 12 of its levels.

You collected 455 gold pieces.
You spent 172 gold pieces at shops.

Inventory:

Hand Weapons
 a - a +0 shortbow of chaos (weapon)
 i - the +7 hand crossbow "Ikiotu" {freeze, Drain rF++ rC+ Str-5}
   (You found it on level 8 of the Dungeon)

   Any ammunition fired from it freezes those it strikes, dealing additional
   cold damage.
   It can also slow down cold-blooded creatures.
   Str:       It affects your strength (-5).
   rF:        It greatly protects you from fire.
   rC:        It protects you from cold.
   Drain:     It drains your maximum health when unequipped.
 y - a +0 hunting sling of freezing
Missiles
 c - 3 throwing nets
 f - 260 stones
 g - 93 bolts
 p - 119 sling bullets
 z - 41 arrows (quivered ammo)
Armour
 k - +0 swamp dragon scales
 l - a +1 leather armour (worn)
 o - a +2 helmet (worn)
 r - a +1 cloak (worn)
 x - a +0 pair of gloves
Magical Staves
 e - a staff of poison
 L - a staff of conjuration
Jewellery
 C - an amulet of faith (around neck)
 E - an amulet of regeneration
 H - a ring of magical power (left claw)
Wands
 I - a wand of flame (4)
Scrolls
 b - 4 scrolls of fog
 d - 3 scrolls of brand weapon
 j - a scroll of enchant weapon
 n - 5 scrolls of teleportation
 u - 2 scrolls of fear
 v - a scroll of amnesia
 w - 2 scrolls of magic mapping
 B - 2 scrolls of holy word
 D - a scroll of torment
 F - 2 scrolls of blinking
 K - a scroll of vulnerability {unknown}
 M - a scroll of identify
Potions
 h - 2 potions of attraction
 m - a potion of cancellation
 q - a potion of curing {unknown}
 s - 3 potions of brilliance
 t - 2 potions of flight
 A - a potion of degeneration {unknown}
 G - 2 potions of haste
 J - 2 potions of heal wounds


   Skills:
 + Level 10.0 Fighting
 - Level 1.7 Throwing
 - Level 5.0 Armour
 - Level 5.0 Dodging
 + Level 11.8 Unarmed Combat
 + Level 2.7 Spellcasting
 * Level 9.7 Necromancy


You had 12 spell levels left.
You knew the following spells:

 Your Spells              Type           Power      Damage    Failure   Level
a - Vampiric Draining     Necr           5%         2d6       2%          3

Your spell library contained the following spells:

 Spells                   Type           Power      Damage    Failure   Level
 Animate Skeleton         Necr           20%        N/A       1%          1
 Pain                     Necr           40%        1d6       1%          1
 Agony                    Necr           10%        N/A       24%         5
 Foxfire                  Conj/Fire      0%         2x1d4     43%         1
 Summon Small Mammal      Summ           0%         N/A       43%         1
 Poisonous Vapours        Pois/Air       0%         N/A       56%         2
 Call Canine Familiar     Summ           0%         N/A       80%         3
 Conjure Flame            Conj/Fire      0%         6-21      80%         3
 Dazzling Flash           Conj/Hex       0%         N/A       80%         3
 Inner Flame              Hex/Fire       0%         N/A       80%         3
 Summon Guardian Golem    Hex/Summ       0%         N/A       80%         3
 Cause Fear               Hex            0%         N/A       99%         4
 Alistair's Intoxication  Tmut/Pois      0%         N/A       100%        5
 Silence                  Hex/Air        0%         N/A       100%        5
 Discord                  Hex            0%         N/A       100%        8
 Disjunction              Tloc           0%         N/A       100%        8
 Fire Storm               Conj/Fire      0%         5d1       100%        9
 Sublimation of Blood     Necr           Unusable   N/A       N/A         2
 Death's Door             Necr           Unusable   N/A       N/A         9

Dungeon Overview and Level Annotations

Branches:
Dungeon (11/15)            Temple (1/1) D:6            Lair (0/6) D:11
    Orc (0/2) D:9

Altars:
Ashenzari
Cheibriados
Dithmenos
Elyvilon
Fedhas
Gozag
Hepliaklqana
Kikubaaqudgha
Makhleb
Nemelex Xobeh
Okawaru
Qazlal
Ru
Sif Muna
Trog
Uskayaw
Vehumet
Wu Jian
Xom
Yredelemnul
Zin
The Shining One

Shops:
D:1 (   D:5 !   D:10 *


Innate Abilities, Weirdness & Mutations

You thrive by killing the living.
You are immune to poison.
You have sharp fingernails.
Your flesh is cold resistant. (rC+)
You are immune to negative energy. (rN+++)
You do not regenerate when monsters are visible.
You are immune to unholy pain and torment.


Message History

z - 44 arrows (gained 1)
z - 45 arrows (gained 1)
A five-headed hydra comes into view.
The five-headed hydra roars!
A five-headed hydra is nearby!
You shoot an arrow. The arrow hits the five-headed hydra!
The five-headed hydra appears confused.
The five-headed hydra is lightly wounded.
You shoot an arrow. The arrow hits the five-headed hydra.
The five-headed hydra goes berserk!
The five-headed hydra is moderately wounded.
You shoot an arrow.
The arrow barely misses the five-headed hydra.
The five-headed hydra seems less confused.
You shoot an arrow. The arrow hits the five-headed hydra.
The five-headed hydra is moderately wounded.
Okay, then.
Okay, then.
The five-headed hydra rages.
The five-headed hydra bites you!
The five-headed hydra closely misses you.
The five-headed hydra bites you.
The five-headed hydra closely misses you.
The five-headed hydra bites you!!
The five-headed hydra closely misses you.
The five-headed hydra bites you! x3; The five-headed hydra bites you.
* * * LOW HITPOINT WARNING * * *
As you read the scroll of teleportation, it crumbles to dust.
You feel strangely unstable.
The five-headed hydra barely misses you.
The five-headed hydra bites you!
* * * LOW HITPOINT WARNING * * *
The five-headed hydra barely misses you.
The five-headed hydra completely misses you.
The five-headed hydra bites you.
* * * LOW HITPOINT WARNING * * *
The five-headed hydra bites you but does no damage.
The five-headed hydra closely misses you.
The five-headed hydra bites you!!
You die...

.#### ##+##........>.(......#
.#..# #...#...♣....P........#
.#..# #...##................#
....####...#...P..♣....(.....#
....'..#...#................(####
.####..#...#..#.......♣.....(Y.<#
.#..#......#........P....(...Y..#
.'..#.....)))...D#.P...#........#
##..#......#....@#..#..#...(....#
.#..#########'##'##+#..+........#
.#..#..# #..#..# ..#........#
.'..#..# #..#..+ +#..#.....#
##..'..# # .#..# #..#.....#
.#..#..# .#..# #..+.....#
.#..##+# .#... #. #.....#
.......# #..# #..####..# .......#
#.....#).#


You could see a five-headed hydra (berserk).

Vanquished Creatures
  A two-headed ogre (D:9)
  Sonja (D:10)
  A cyclops (D:8)
  Maggie (D:8)
  A kobold demonologist (D:9)
  A troll (D:10)
  A slime creature (D:8)
  A shadow (D:7)
  25 yaks
  3 wyverns
  A wraith (D:8)
  A vampire mosquito (D:8)
  2 acid dragons (D:8)
  3 water moccasins
  5 orc warriors
  3 ice beasts
  A black bear (D:6)
  A sky beast (D:6)
  A necrophage (D:7)
  3 centaurs
  3 kobold brigands
  Blork the orc (D:4)
  A gnoll sergeant (D:9)
  3 scorpions
  A wyvern skeleton (D:6)
  2 water moccasin skeletons
  5 killer bees (D:8)
  13 wights
  9 howler monkeys
  4 centaur zombies
  A bullfrog zombie (D:5)
  10 orc priests
  Crazy Yiuf (D:2)
  A bullfrog skeleton (D:6)
  4 hounds
  A gnoll shaman (D:6)
  Jessica (D:2)
  4 iguanas
  7 orc wizards
  A hound zombie (D:5)
  A hound skeleton (D:4)
  A howler monkey zombie (D:9)
  Robin (D:2)
  6 adders
  12 gnolls
  A howler monkey skeleton (D:4)
  A worm (D:2)
  4 dart slugs
  21 orcs
  7 ball pythons
  5 bats
  5 endoplasms
  5 giant cockroaches
  22 goblins
  11 hobgoblins
  14 jackals
  22 kobolds
  6 quokkas
  2 frilled lizards
  11 rats
288 creatures vanquished.

Vanquished Creatures (others)
  A bush (D:11)
  9 fungi (D:11)
  31 plants
41 creatures vanquished.

Grand Total: 329 creatures vanquished

Notes
Turn   | Place    | Note
-------+----------+-------------------------------------------
     0 | D:1      | Gwenloh the Ghoul Gladiator began the quest for the Orb.
     0 | D:1      | Reached XP level 1. HP: 17/17 MP: 0/0
   206 | D:1      | Reached XP level 2. HP: 25/25 MP: 1/1
   332 | D:1      | Reached XP level 3. HP: 30/30 MP: 2/2
   348 | D:1      | Reached skill level 4 in Unarmed Combat
   530 | D:1      | Found Nedo's Antique Weapon Boutique.
   831 | D:2      | Reached XP level 4. HP: 34/38 MP: 3/3
   861 | D:2      | Got Sif Muna's Disquisition on Spatial Attacks
  1152 | D:2      | Noticed Robin
  1175 | D:2      | Killed Robin
  1398 | D:2      | Found a faded altar of an unknown god.
  1403 | D:2      | Noticed Jessica
  1408 | D:2      | Killed Jessica
  1409 | D:2      | Reached skill level 5 in Unarmed Combat
  1409 | D:2      | Reached XP level 5. HP: 45/45 MP: 4/4
  1521 | D:2      | Found a runed translucent door.
  1522 | D:2      | Noticed Crazy Yiuf
  2026 | D:2      | Became a worshipper of the Wu Jian Council
  2026 | D:2      | Reached * piety under Wu Jian
  2058 | D:2      | Killed Crazy Yiuf
  2827 | D:3      | Reached XP level 6. HP: 52/52 MP: 5/5
  3241 | D:4      | Noticed Blork the orc
  3397 | D:4      | Killed Blork the orc
  3398 | D:4      | Reached skill level 6 in Unarmed Combat
  3894 | D:4      | Reached ** piety under Wu Jian
  3923 | D:4      | Reached XP level 7. HP: 59/60 MP: 6/6
  4288 | D:4      | Learned a level 3 spell: Vampiric Draining
  4370 | D:4      | Found a hazy altar of Hepliaklqana.
  4596 | D:5      | Entered Level 5 of the Dungeon
  4996 | D:5      | Reached skill level 1 in Necromancy
  5068 | D:5      | Reached skill level 7 in Unarmed Combat
  5071 | D:5      | Found Daett's Distillery.
  5250 | D:5      | Reached skill level 5 in Fighting
  5259 | D:5      | Reached XP level 8. HP: 40/68 MP: 7/7
  5764 | D:6      | Reached skill level 5 in Dodging
  5785 | D:6      | Reached skill level 8 in Unarmed Combat
  6169 | D:6      | Found a staircase to the Ecumenical Temple.
  6361 | D:6      | Reached skill level 9 in Unarmed Combat
  6361 | D:6      | Reached XP level 9. HP: 67/75 MP: 8/8
  6604 | Temple   | Entered the Ecumenical Temple
  7256 | D:7      | Reached skill level 1 in Armour
  7290 | D:6      | Reached *** piety under Wu Jian
  8040 | D:7      | Reached skill level 10 in Unarmed Combat
  8605 | D:8      | Noticed a cyclops
  8605 | D:8      | Noticed Maggie
  8606 | D:8      | Reached skill level 5 in Necromancy
  8856 | D:8      | Killed a cyclops
  8857 | D:8      | Reached XP level 10. HP: 44/86 MP: 2/9
  9472 | D:8      | Reached skill level 11 in Unarmed Combat
  9626 | D:8      | Identified the +7 hand crossbow "Ikiotu" {freeze, Drain
                  | rF++ rC+ Str-5}
 10206 | D:8      | HP: 4/88 [Maggie (4)]
 10212 | D:8      | Killed Maggie
 10840 | D:9      | Reached **** piety under Wu Jian
 11068 | D:9      | Noticed a kobold demonologist
 11081 | D:9      | Killed a kobold demonologist
 11114 | D:9      | Noticed a two-headed ogre
 11127 | D:9      | Killed a two-headed ogre
 11599 | D:9      | Found a staircase to the Orcish Mines.
 11626 | D:9      | Reached XP level 11. HP: 65/95 MP: 10/10
 11631 | D:9      | Reached skill level 5 in Armour
 12092 | D:10     | Entered Level 10 of the Dungeon
 12574 | D:10     | Found Pietihem's General Store.
 12582 | D:10     | Bought a scroll of identify for 30 gold pieces
 12582 | D:10     | Bought a scroll of identify for 30 gold pieces
 12585 | D:10     | Bought a scroll of blinking for 112 gold pieces
 12726 | D:10     | Got Sif Muna's Almanac of Poisoning and Evil
 12731 | D:10     | Noticed Sonja
 12757 | D:10     | Killed Sonja
 12758 | D:10     | Reached skill level 1 in Spellcasting
 13080 | D:10     | You fall into a shaft and drop 1 floor!
 13130 | D:11     | Reached ***** piety under Wu Jian
 14141 | D:11     | Reached skill level 10 in Fighting
 14181 | D:11     | Found a staircase to the Lair.
 14192 | D:11     | Noticed a five-headed hydra
 14202 | D:11     | Slain by a five-headed hydra

Illustrated notes

Levels and vault maps discovered:
D:1:      dpeg_arrival_erosion, layout_rooms, serial_shops, shop
D:2:      layout_basic, hellmonk_ecumenical_altar_arch_garden,
          corexii_leaking_fountain, chequers_big_river,
          chequers_serial_rivers_room_b, chequers_serial_rivers_room_a,
          ebering_dispersal_statue_hall, chequers_arboretum,
          grunt_decor_fettered, grunt_ministairs_5, minmay_split_cup_large,
          uniq_robin, uniq_crazy_yiuf_cottage, uniq_jessica
D:3:      kennysheep_goblin_castle, layout_rooms, st_stairs_10
D:4:      layout_loops_corners, worldfamousw_hep_ancestral_shrine,
          uniq_blork_the_orc
D:5:      layout_basic, serial_shops, shop, kennysheep_pointless_box
D:6:      layout_loops_ring, minmay_temple_entry_sparse_star,
          minmay_misc_feat_tiny
D:7:      layout_rooms
D:8:      layout_basic, kb_rosetta, uniq_maggie
D:9:      layout_loops_ring, orc_0_dummy
D:10:     layout_roguey, serial_shops, shop, uniq_sonja
D:11:     layout_grid_maze, minmay_lair_entry_grove, minmay_crystal_room
Temple:   grunt_wide_crystal_templ

Skill      XL: |  1  2  3  4  5  6  7  8  9 10 11 |
---------------+----------------------------------+-----
Dodging        | 3 4 5 |  5.0
Unarmed Combat | 4 5 6 7 9 10 11 | 11.8
Fighting       | 3 4 5 6 7 8 10 | 10.0
Necromancy     | 1 3 5 7 9 |  9.7
Armour         | 3 4 5 |  5.0
Spellcasting   | 2 |  2.7
Throwing       | |  1.7

Action                   |  1- 3 |  4- 6 |  7- 9 | 10-12 || total
-------------------------+-------+-------+-------+-------++-------
Melee: Unarmed           |   136 |   136 |   299 |   392 ||   963
       Punch             |       |     4 |    13 |    19 ||    36
 Fire: Hunting sling     |       |   139 |    61 |       ||   200
       Shortbow          |       |       |    59 |   109 ||   168
Throw: Stone             |     5 |       |     2 |     1 ||     8
       Throwing net      |     1 |       |       |       ||     1
 Cast: Vampiric Draining |       |       |     6 |    31 ||    37
Invok: Lunge             |       |     2 |    27 |    26 ||    55
       Whirlwind         |       |       |     6 |    34 ||    40
       Serpent's Lash    |       |       |       |     2 ||     2
 Abil: Wall Jump         |       |       |     2 |     7 ||     9
  Use: Scroll            |       |     5 |    10 |     9 ||    24
       Potion            |       |       |     2 |     2 ||     4
 Stab: Paralysed         |       |       |       |     5 ||     5
Armor: Leather armour    |    44 |    41 |    98 |   105 ||   288
Dodge: Dodged            |    98 |    72 |   176 |   211 ||   557
